 Dungeon Crawl Stone Soup version 0.28-a0-1429-gf3d713df7a (webtiles) character file.

Game seed: 5640088114348641959

43 1player the Magician (level 3, -2/28 HPs)
             Began as a Djinni Air Elementalist on Jan 8, 2022.
             Slain by a gnoll (5 damage)
             ... on level 2 of the Dungeon.
             The game lasted 00:03:47 (1827 turns).

1player the Magician (Djinni Air Elementalist)      Turns: 1827, Time: 00:03:48

Health: -2/28      AC:  2    Str:  7    XL:     3   Next: 82%
Gold:   46         EV: 12    Int: 18    God:
                   SH:  0    Dex: 13

rFire   + + .      SeeInvis .   e - +0 dagger (venom)
rCold   x . .      Faith    .   (no shield)
rNeg    . . .      Spirit   .   a - +0 robe
rPois   ∞          Reflect  .   (no helmet)
rElec   .          Harm     .   (no cloak)
rCorr   .          Rampage  .   (no gloves)
Will    .....                   (boots unavailable)
Stlth   ++........              (no amulet)
HPRegen 0.09/turn               (no ring)
MPRegen 0.00/turn               (no ring)

@: flying
A: sickness immunity, fire resistance 2, cold vulnerability 1, float, innate
caster, hp casting, extra vitality 1
a: no special abilities


You were on level 2 of the Dungeon.
You visited 1 branch of the dungeon, and saw 2 of its levels.

You collected 46 gold pieces.

Inventory:

Hand Weapons
 c - a +0 short sword
 e - a +0 dagger of venom (weapon)
Missiles
 b - 2 throwing nets
Armour
 a - a +0 robe (worn)
Scrolls
 h - a scroll of identify {@r1}
Potions
 f - a potion of attraction
 g - a potion of curing {@q1}


   Skills:
 + Level 2.0 Fighting
 - Level 2.1 Dodging
 - Level 1.5 Stealth
 + Level 3.0 Spellcasting


You couldn't memorise any spells.
You knew the following spells:

 Your Spells              Type           Power      Damage    Failure   Level
a - Slow                  Hex            52%        N/A       4%          1
b - Shock                 Conj/Air       52%        1d6       4%          1
d - Airstrike             Air            6%         N/A       43%         4
s - Swiftness             Air            13%        N/A       14%         3
z - Static Discharge      Conj/Air       13%        N/A       7%          2
Your spell library was empty.

Dungeon Overview and Level Annotations

Branches:
Dungeon (2/15)

Altars:


Innate Abilities, Weirdness & Mutations

You are immune to sickness and miasma.
You are immune to poison.
Your flesh is very heat resistant. (rF++)
You are vulnerable to cold. (rC-)
You float through the air rather than walking.
You learn spells naturally, not from books.
Your magical power is your life essence.
You have superior vitality. (+4 MHP)


Message History

The gnoll is struck by an arc of lightning.
The gnoll is moderately wounded.
The lightning grounds out.
The jackal is struck by an arc of lightning.
The jackal is almost dead.
The lightning grounds out.
The jackal completely misses you.
A worm comes into view.
The gnoll hits you from afar with a +0 spear.
The jackal bites you. The jackal closely misses you.
The jackal completely misses you.
Things that are here:
a +0 dagger; a goblin corpse The jackal pauses to sniff the ground.
The jackal closely misses you.
Casting: Static Discharge (safe; 7% risk of failure)
Confirm with . or Enter, or press ? or * to list all spells.
Aiming: Slow (safe; 4% risk of failure)
Press: ? - help, Shift-Dir - straight line, f - jackal, p - gnoll
Aim: a jackal (severely wounded, chance to affect: 69%)
The jackal struggles to resist.
The jackal barely misses you. The gnoll closely misses you.
The jackal bites you.
Casting: Slow (safe; 4% risk of failure)
Confirm with . or Enter, or press ? or * to list all spells.
Aiming: Slow (safe; 4% risk of failure)
Press: ? - help, Shift-Dir - straight line, f/p - jackal
Aim: a jackal (severely wounded, chance to affect: 69%)
The jackal struggles to resist.
The jackal misses you.
The gnoll hits you from afar with a +0 spear.
* * * LOW HITPOINT WARNING * * *
The jackal misses you. The jackal misses you. The jackal closely misses you.
The jackal bites you but does no damage.
The jackal closely misses you. The jackal bites you.
* * * LOW HITPOINT WARNING * * *
The jackal barely misses you.
The gnoll hits you from afar with a +0 spear.
You die...

##...#.....................#
#...#..########.###########
#...#..########.#
#####..#.....##.#
#..#.###.##.# #..#.# #.##.#
#..#.# #.##.# #..#.###.##.#
#..#.#.....@##
#.........h..#
#........g..)#
#............#
#.....÷......#
#............#
#....>.......#
#............#
########..........#


You could see a gnoll and a jackal.

Vanquished Creatures
  An adder (D:2)
  4 endoplasms
  7 goblins
  3 hobgoblins
  A jackal (D:2)
  3 quokkas (D:1)
  4 bats
  4 frilled lizards (D:1)
  3 kobolds (D:1)
  A rat (D:1)
31 creatures vanquished.

Notes
Turn   | Place    | Note
-------+----------+-------------------------------------------
     0 | D:1      | 1player the Djinni Air Elementalist began the quest for the
                  | Orb.
     0 | D:1      | Reached XP level 1. HP: 15/15 MP: 0/0
   149 | D:1      | Reached XP level 2. HP: 19/22 MP: 0/0
   207 | D:1      | Reached skill level 1 in Fighting
  1003 | D:1      | Reached XP level 3. HP: 24/27 MP: 0/0
  1003 | D:1      | Learned a level 1 spell: Slow
  1609 | D:2      | Reached skill level 3 in Spellcasting
  1827 | D:2      | Slain by a gnoll

Illustrated notes

Levels and vault maps discovered:
D:1:      saegor_arrival_miasma, layout_basic
D:2:      layout_basic, cheibrodos_gnoll_hut

Skill      XL: |  1  2  3 |
---------------+----------+-----
Fighting       | 1 2 |  2.0
Spellcasting   | 3 |  3.0
Dodging        | |  2.1
Stealth        | |  1.5

Action                   || total
-------------------------++-------
Melee: Dagger            ||    10
       Short sword       ||     6
 Cast: Shock             ||    52
       Static Discharge  ||     5
       Slow              ||     2
  Use: Scroll            ||     2
 Stab: Sleeping          ||     1
Armor: Robe              ||     4
Dodge: Dodged            ||    27

Table legend: (Time is in decaauts)
 A = Elapsed time spent in this place.
 B = Non-inter-level travel time spent in this place.
 C = Inter-level travel time spent in this place.
 D = Time resting spent in this place.
 E = Time spent auto-exploring this place.
 F = Levels seen in this place.
 G = Mean time per level.
                   A        B        C        D        E       F      G
               +--------+--------+--------+--------+--------+-----+--------+
         Total |   1826 |   1770 |     56 |    817 |    655 |   2 |  913.0 |
       Dungeon |   1826 |   1770 |     56 |    817 |    655 |   2 |  913.0 |
               +--------+--------+--------+--------+--------+-----+--------+

Top non-repeatable levels by time:
     D:1: 1397 daAuts
     D:2: 428 daAuts
